 Dungeon Crawl Stone Soup version 0.18.1-48-g4cf74bf (webtiles) character file.

221 juanjsm the Sneak (level 5, -6/25 HPs)
             Began as a Spriggan Enchanter on July 6, 2016.
             Killed by nerve-wracking pain
             ... invoked by an orc priest
              (14 damage)
             ... on level 3 of the Dungeon.
             The game lasted 00:11:21 (2486 turns).

juanjsm the Sneak (Spriggan Enchanter)              Turns: 2486, Time: 00:11:22

Health: -6/25      AC:  3    Str:  4    XL:     5   Next: 65%
Magic:  0/13       EV: 20    Int: 16    God:
Gold:   141        SH:  0    Dex: 18    Spells: 4 memorised, 4 levels left

rFire  . . .     SeeInvis +     m - +0 dagger (holy)
rCold  . . .     Gourm    .     b - +1 robe
rNeg   . . .     Faith    .     (shield restricted)
rPois  .         Spirit   .     (helmet restricted)
rElec  .         Dismiss  .     (no cloak)
rCorr  .         Reflect  .     (gloves unavailable)
SustAt .         Harm     .     (boots unavailable)
MR     .....                    (no amulet)
Stlth  ++++......               (no ring)
                                (no ring)

@: very slightly contaminated, very quick, not resistant to hostile
enchantments, stealthy
A: unfitting armour, see invisible, herbivore 3, speed 3, slow metabolism 2
a: no special abilities


You were on level 3 of the Dungeon.
You were hungry.

You visited 1 branch of the dungeon, and saw 3 of its levels.

You collected 141 gold pieces.

Inventory:

Hand Weapons
 a - a +1 dagger
 m - a +0 dagger of holy wrath (weapon)
Armour
 b - a +1 robe (worn)
Magical Staves
 o - an uncursed staff of power
Jewellery
 i - an uncursed amulet of guardian spirit
Scrolls
 e - 4 scrolls of teleportation {unknown}
 f - a scroll of remove curse {unknown}
 g - 2 scrolls of enchant weapon {unknown}
 h - a scroll of noise {unknown}
 l - a scroll of recharging {unknown}
Potions
 j - a potion of curing {unknown}
 n - a potion of heal wounds {unknown}
Books
 c - a book of Maledictions

   Spells                             Type                      Level
   a - Corona                         Hexes                        1
   b - Ensorcelled Hibernation        Hexes/Ice                    2
   c - Confuse                        Hexes                        3
   d - Tukima's Dance                 Hexes                        3
   e - Dazzling Spray                 Conjuration/Hexes            3
Comestibles
 d - 3 bread rations
 k - a slice of pizza


   Skills:
 + Level 1.0 Fighting
 + Level 2.1 Short Blades
 + Level 4.3 Dodging
 + Level 5.4 Stealth
 * Level 4.8 Spellcasting
 + Level 4.5 Hexes


You had 4 spell levels left.
You knew the following spells:

 Your Spells              Type           Power        Failure   Level  Hunger
a - Corona                Hex            ###....      2%          1    None
b - Ensorcelled Hibernat  Hex/Ice        ##....       12%         2    ##.....
c - Confuse               Hex            ###.....     10%         3    ###....
d - Dazzling Spray        Conj/Hex       ##....       21%         3    ###....


Dungeon Overview and Level Annotations

Branches:
Dungeon (3/15)

Altars:


Innate Abilities, Weirdness & Mutations

You are tiny and cannot use many weapons and most armour.
You have supernaturally acute eyesight.
You are a herbivore.
You cover ground extremely quickly.
You need consume almost no food.


Message History

You resist with significant effort.
You hit the orc priest but do no damage.
The orc priest barely misses you.
You barely miss the orc priest.
The orc priest hits you with a falchion.
You hit the orc priest but do no damage.
You barely miss the orc priest.
The orc priest miscasts a cantrip.
Casting: Ensorcelled Hibernation
Confirm with . or Enter, or press ? or * to list all spells.
Aiming: Ensorcelled Hibernation
Press: ? - help, Shift-Dir - straight line, f/p - orc priest
Aim: an orc priest, wielding a falchion and wearing a chain mail (chance to defeat MR: 42%)
The orc priest resists with some effort.
The orc priest closely misses you.
You hit the orc priest but do no damage.
The orc priest calls down the wrath of Beogh upon you.
Pain shoots through your body!
Ouch! That really hurt!
You die...

#.##.....# #.#
####.##.....# #.#
#...........# # #
#.##.##.....# # #
##.##.##.#.### #.#
#.....##.#># #..
#..#####.#.# ###
#..#####.#.#
#.@........#
#.)o####.####
#.....###.###########
#......>.....o.......
.......###.###########
##.#...## #....#
#.##### ####.## #
#...# #...#


You could see an orc priest.

Vanquished Creatures
  An orc priest (D:3)
  An orc wizard (D:3)
  8 gnolls (D:2)
  An adder (D:2)
  3 worms (D:2)
  2 dart slugs (D:1)
  A giant gecko (D:1)
  5 orcs (D:3)
  7 bats
  3 giant cockroaches
  4 hobgoblins
  2 jackals (D:2)
  13 kobolds
  2 quokkas (D:2)
  2 giant newts (D:2)
  6 goblins
  6 rats
67 creatures vanquished.

Notes
Turn   | Place    | Note
--------------------------------------------------------------
     0 | D:1      | juanjsm the Spriggan Enchanter began the quest for the Orb.
     0 | D:1      | Reached XP level 1. HP: 9/9 MP: 5/5
    90 | D:1      | Reached XP level 2. HP: 13/13 MP: 6/6
   114 | D:1      | Learned a level 2 spell: Ensorcelled Hibernation
   798 | D:2      | Reached XP level 3. HP: 17/17 MP: 8/8
   812 | D:2      | Learned a level 3 spell: Confuse
  1418 | D:2      | Reached XP level 4. HP: 18/21 MP: 0/10
  1423 | D:2      | Learned a level 3 spell: Dazzling Spray
  1703 | D:2      | Reached skill level 5 in Stealth
  1910 | D:2      | Reached XP level 5. HP: 25/25 MP: 3/12
  2269 | D:3      | Reached skill level 1 in Fighting
  2486 | D:3      | Killed from afar by an orc priest

Skill      XL: |  1  2  3  4  5 |
---------------+----------------+-----
Spellcasting   | 3 4 |  4.8
Hexes          | 4 |  4.5
Dodging        | 4 |  4.3
Stealth        | 5 |  5.4
Fighting       | 1 |  1.0
Short Blades   | 2 |  2.1

Action                   |  1- 3 |  4- 6 || total
-------------------------+-------+-------++-------
Melee: Dagger            |    96 |    76 ||   172
 Cast: Corona            |     3 |       ||     3
       Ensorcelled Hiber |    26 |    22 ||    48
       Confuse           |     1 |     6 ||     7
 Stab: Sleeping          |    30 |    18 ||    48
       Distracted        |     1 |       ||     1
       Confused          |     1 |     2 ||     3
  Eat: Pizza             |       |     1 ||     1
Armor: Robe              |    11 |     5 ||    16
Dodge: Dodged            |    55 |    46 ||   101
